Map: Incorporeal LE

Players

SubN - Winner!

  • Race: Zerg Zerg
  • League: Diamond
  • Spawn Location: 5:00

MicroJackson

  • Race: Zerg Zerg
  • Spawn Location: 11:00

VOD

Have the link to the VOD?

Description

Time

  • Played on: July 31, 2025, 3:18 p.m.
  • Length: 3:09
Show
View Real Time Build Order
Export as new Build Order

SubN Zerg - Winner!

Build Orders: Pool First 

Get SALT Encoding   

  12  0:00  Drone  
  13  0:08  Drone  
  13  0:12  Extractor  
  13  0:29  Spawning Pool  
  12  0:56  Hatchery  
  11  1:15  Queen  
  13  1:30  Metabolic Boost  
  13  1:36  Overlord  
  13  1:42  Zergling x2  
  14  1:55  Zergling x2  
  14  1:56  Zergling x2  
  14  1:59  Zergling x2  
  17  2:09  Zergling x4  
  19  2:21  Zergling x2  
  19  2:22  Zergling x2  
  21  2:29  Zergling x6  
  24  2:34  Zergling x2  
  25  2:41  Zergling x2  
  25  2:42  Zergling x2  
Show
View Real Time Build Order
Export as new Build Order

MicroJackson Zerg 

Build Orders: Pool First 

Get SALT Encoding   

  12  0:01  Drone  
  13  0:12  Drone  
  14  0:15  Extractor  
  14  0:16  Extractor  
  14  0:17  Drone  
  13  0:22  Drone  
  16  0:29  Overlord  
  16  0:45  Spawning Pool  
  16  0:46  Extractor  
  16  0:48  Drone  
  15  0:52  Drone  
  16  0:58  Drone  
  17  1:24  Hatchery  
  16  1:32  Queen  
  18  1:34  Zergling x2  
  18  1:38  Drone  
  20  1:43  Drone  
  21  1:50  Overlord  
  21  2:07  Drone  
  22  2:17  Zergling x2  
  23  2:24  Zergling x2  
  23  2:29  Extractor  
  23  2:39  Drone x2  
  25  2:49  Zergling x2  
  25  2:50  Zergling x2  
  27  2:51  Baneling Nest  
Tags
 
League
Diamond
Matchup
ZvZ
Race
Zerg
Replay Pack
Multiplayer
Spawn Locations
Cross Positions
Add a new tag
Caveats
  • Supply blocks, unpowered buildings, or Contaminate may cause inaccurate times.
  • Supply counts are checked every 10 seconds.